 Dungeon Crawl Stone Soup version 0.18.1-2-ga659475 (webtiles) character file.

55 Scarto the Shield-Bearer (level 3, -6/24 HPs)
             Began as a Gargoyle Fighter on May 8, 2016.
             Mangled by a gnoll
             ... wielding a +3 flail
              (7 damage)
             ... on level 2 of the Dungeon.
             The game lasted 00:01:15 (343 turns).

Scarto the Shield-Bearer (Gargoyle Fighter)          Turns: 343, Time: 00:01:17

Health: -6/24      AC: 13    Str: 20    XL:     3   Next: 93%
Magic:  3/3        EV:  5    Int:  8    God:
Gold:   21         SH:  9    Dex:  9    Spells: 0 memorised, 2 levels left

rFire  . . .     SeeInvis .     a - +0 war axe
rCold  . . .     Gourm    .     i - +0 chain mail
rNeg   + . .     Faith    .     c - +0 shield
rPois  ∞         Spirit   .     g - +0 helmet
rElec  +         Dismiss  .     (no cloak)
rCorr  .         Reflect  .     (no gloves)
SustAt .         Harm     .     (no boots)
MR     .....                    (no amulet)
Stlth  ..........               (no ring)
                                (no ring)

@: not resistant to hostile enchantments, extremely unstealthy
A: negative energy resistance 1, electricity resistance, unbreathing,
petrification resistance, rot immunity, AC +3
a: no special abilities


You were on level 2 of the Dungeon.
You were not hungry.

You visited 1 branch of the dungeon, and saw 2 of its levels.

You collected 21 gold pieces.

Inventory:

Hand Weapons
 a - a +0 war axe (weapon)
Armour
 b - a +0 scale mail
 c - a +0 shield (worn)
 g - a +0 helmet (worn)
 i - a +0 chain mail (worn)
Scrolls
 e - a scroll of identify {unknown}
 h - a scroll of enchant weapon {unknown}
 j - 2 scrolls of remove curse {unknown}
Potions
 d - a potion of might
Comestibles
 f - a bread ration
 k - a meat ration


   Skills:
 + Level 3.8 Fighting
 + Level 2.0 Axes
 + Level 3.7 Armour
 + Level 0.2 Dodging
 + Level 4.1 Shields


You had 2 spell levels left.
You didn't know any spells.

Dungeon Overview and Level Annotations

Branches:
Dungeon (1/15)

Altars:
Nemelex Xobeh


Innate Abilities, Weirdness & Mutations

You are resistant to torment.
Your stone body is resilient (AC +3).
You are immune to poison.
You resist negative energy.
You are resistant to electric shocks.
You can survive without breathing.
You are immune to petrification.
You are immune to rotting.


Message History

The gnoll is lightly wounded.
The adder barely misses you.
The gnoll hits you with an enchanted flail.
* * * LOW HITPOINT WARNING * * *
You block the gnoll's attack. The gnoll hits you but does no damage.
You block the adder's attack. The gnoll barely misses you.
You block the gnoll's attack. You block the gnoll's attack.
The gnoll hits you but does no damage.
Things that are here:
a flail of crushing; a scroll labeled QAUCAY QICABAT; a gnoll corpse The gnoll barely misses you.
You block the gnoll's attack.
Unknown command.
You block the gnoll's attack.
You slash the gnoll!
You kill the gnoll!
You slash the gnoll!
The gnoll is severely wounded.
Your chain mail prevents you from hitting the gnoll.
The gnoll hits you with an enchanted flail!
You die...

.......######
##...## #
<...........###.##
##### #
#...........#....
......#.....#.#.#
..#####.....#$#.####
....(...............
..#####..........#
#........g.#
#†......)S@#
#....)...g.#
#..........#
#..........#
#..........#
###.###.#.## #.#
#.#.# #. #.#.# #. .#


You could see 2 gnolls and an adder.

Vanquished Creatures
  2 gnolls (D:2)
  2 adders (D:2)
  An ooze (D:2)
  2 giant cockroaches (D:2)
  A goblin (D:2)
  A hobgoblin (D:2)
  3 kobolds
  A ball python (D:1)
  A bat (D:1)
  2 giant newts
  A rat (D:1)
17 creatures vanquished.

Notes
Turn   | Place    | Note
--------------------------------------------------------------
     0 | D:1      | Scarto the Gargoyle Fighter began the quest for the Orb.
     0 | D:1      | Reached XP level 1. HP: 14/14 MP: 1/1
   145 | D:1      | You fall through a shaft!
   214 | D:2      | Reached XP level 2. HP: 19/19 MP: 2/2
   266 | D:2      | Found a sparkling altar of Nemelex Xobeh.
   304 | D:2      | Reached XP level 3. HP: 20/24 MP: 3/3
   339 | D:2      | Reached skill level 4 in Shields
   339 | D:2      | HP: 1/24 [gnoll/enchanted flail (1)]
   343 | D:2      | Mangled by a gnoll

Skill      XL: |  1  2  3 |
---------------+----------+-----
Axes           | 2 |  2.0
Shields        | 4 |  4.1
Fighting       | |  3.8
Armour         | |  3.7
Dodging        | |  0.2

Action                   || total
-------------------------++-------
Melee: War axe           ||    78
Armor: Scale mail        ||    11
       Chain mail        ||    45
Dodge: Dodged            ||    25
Block: Shield            ||    49
